 Dungeon Crawl Stone Soup version 0.25.1-2-g60ff931df9 (webtiles) character file.

Game seed: 5311326007357927106

224 Johnny the Poker (level 5, -1/45 HPs)
             Began as a Demigod Gladiator on Aug 16, 2020.
             Slain by an orc
             ... wielding a +0 flail
              (7 damage)
             ... on level 3 of the Dungeon.
             The game lasted 00:02:44 (3963 turns).

Johnny the Poker (Demigod Gladiator)                Turns: 3963, Time: 00:02:45

Health: -1/45      AC:  5    Str: 19    XL:     5   Next: 39%
Magic:  7/7        EV: 13    Int: 12    God:
Gold:   104        SH:  0    Dex: 17    Spells: 4/4 levels left

rFire    . . .     SeeInvis .   q - +0 halberd
rCold    . . .     Gourm    .   (shield currently unavailable)
rNeg     . . .     Faith    .   b - +0 leather armour
rPois    .         Spirit   .   c - +0 helmet
rElec    .         Reflect  .   (no cloak)
rCorr    .         Harm     .   (no gloves)
MR       .....                  p - +0 pair of boots
Stlth    +.........             (no amulet)
HPRegen  0.15/turn              (no ring)
MPRegen  0.10/turn              (no ring)

@: no status effects
A: high mp 1
a: no special abilities


You were on level 3 of the Dungeon.
You were not hungry.

You visited 1 branch of the dungeon, and saw 3 of its levels.

You collected 104 gold pieces.

Inventory:

Hand Weapons
 q - a +0 halberd (weapon)
Missiles
 d - 2 throwing nets (quivered)
Armour
 b - a +0 leather armour (worn)
 c - a +0 helmet (worn)
 p - a +0 pair of boots (worn)
Wands
 l - a wand of random effects (14)
Scrolls
 g - a scroll of teleportation {unknown}
 h - a scroll of identify
 m - a scroll of immolation
 n - 2 scrolls of enchant weapon
 o - a scroll of noise {unknown}
 r - a scroll of remove curse
Potions
 e - a potion of haste {unknown}
 i - 2 potions of stabbing {unknown}
 j - a potion of brilliance {unknown}
 k - a potion of cancellation {unknown}
Comestibles
 a - 3 chunks of flesh
 f - 9 rations


   Skills:
 + Level 3.3 Fighting
 * Level 5.1 Polearms
 - Level 1.7 Throwing
 - Level 2.6 Dodging


You had 4 spell levels left.
You didn't know any spells.
Your spell library was empty.

Dungeon Overview and Level Annotations

Branches:
Dungeon (3/15)


Innate Abilities, Weirdness & Mutations

You have an increased reservoir of magic. (+10% MP)


Message History

You kill the orc!
Evoke which item? (* to show all) (? for menu, Esc to quit)
Aiming: Random Effects
Press: ? - help, Shift-Dir - straight line, f - orc
Aim: an orc, wielding a +0 flail and wearing a +0 leather armour The bolt of negative energy misses the orc.
The bolt of negative energy hits something!
Reactivating autopickup.
Your Polearms skill increases to level 5!
You feel a bit more experienced. The orc hits you with a +0 flail.
Evoke which item? (* to show all) (? for menu, Esc to quit)
Aiming: Random Effects
Press: ? - help, Shift-Dir - straight line, f/p - orc
Aim: an orc, wielding a +0 flail and wearing a +0 leather armour The fireball explodes!
The fireball engulfs the orc.
The orc is severely wounded.
The fireball engulfs you!
* * * LOW HITPOINT WARNING * * *
The orc hits you with a +0 flail!
You die...

##.# .#........#
# ########.# #
###.# # ###.#.#
# #...#.# #
#.#.#.# #
#.....# ##.#
#+###.### ##.#
#.)o@.# ##.#
#..#### ##.#
##..# ##.# #...#
##.# #....# ##.#
......# ##.##
........#
....##.........#
.#..##.........#


You could see an orc.

Vanquished Creatures
  Jessica (D:2)
  2 orc wizards (D:3)
  A gnoll (D:1)
  4 adders (D:2)
  2 worms
  3 dart slugs
  5 orcs (D:3)
  2 ball pythons (D:2)
  7 giant cockroaches
  9 goblins
  13 hobgoblins
  7 jackals (D:2)
  5 kobolds (D:1)
  A quokka (D:2)
  8 bats
  5 frilled lizards
  10 rats
85 creatures vanquished.

Notes
Turn   | Place    | Note
-------+----------+-------------------------------------------
     0 | D:1      | Johnny the Demigod Gladiator began the quest for the Orb.
     0 | D:1      | Reached XP level 1. HP: 17/17 MP: 3/3
    70 | D:1      | Reached skill level 3 in Polearms
   365 | D:1      | Reached XP level 2. HP: 23/24 MP: 4/4
   861 | D:2      | Reached XP level 3. HP: 21/30 MP: 5/5
  1418 | D:2      | Reached skill level 4 in Polearms
  1930 | D:2      | Found a shadowy altar of Dithmenos.
  2103 | D:2      | Noticed Jessica
  2110 | D:2      | Killed Jessica
  2110 | D:2      | Reached XP level 4. HP: 22/37 MP: 6/6
  3575 | D:3      | Reached XP level 5. HP: 33/45 MP: 7/7
  3794 | D:3      | Found a faded altar of an unknown god.
  3962 | D:3      | Reached skill level 5 in Polearms
  3963 | D:3      | Slain by an orc

Illustrated notes

Levels and vault maps discovered:
D:1:      wheals_arrival_shading, layout_loops_cross, hangedman_decor_slide_cut
D:2:      layout_basic, serial_bayou_pond_d, chequers_serial_rivers_small_a,
          grunt_dithmenos_smoke_and_mirrors, uniq_jessica
D:3:      layout_basic, lemuel_round_altar, first_ration,
          chequers_ecumenical_altar_island, nrook_campfire

Skill      XL: |  1  2  3  4  5 |
---------------+----------------+-----
Fighting       | 2 3 |  3.3
Polearms       | 3 4 5 |  5.1
Throwing       | |  1.7
Dodging        | |  2.6

Action                   |  1- 3 |  4- 6 || total
-------------------------+-------+-------++-------
Melee: Trident           |   161 |    64 ||   225
       Halberd           |       |    41 ||    41
Throw: Throwing net      |       |     2 ||     2
Evoke: Wand              |       |     3 ||     3
  Use: Scroll            |       |     3 ||     3
 Stab: Distracted        |     1 |       ||     1
       Sleeping          |       |     4 ||     4
       Held in net/web   |       |     1 ||     1
  Eat: Chunk             |     4 |     6 ||    10
Armor: Leather armour    |    33 |    24 ||    57
Dodge: Dodged            |    95 |    45 ||   140
